 Dungeon Crawl Stone Soup version 0.31-a0-716-gc7603755dd (webtiles) character file.

Game seed: 11181171681659768571

35 ytrimaz the Changeling (level 3, -4/39 HPs)
             Began as a Merfolk Shapeshifter on Sept 10, 2023.
             Slain by a goblin
             ... wielding a +0 club
             ... led by Robin
              (5 damage)
             ... on level 2 of the Dungeon.
             The game lasted 00:01:16 (881 turns).

ytrimaz the Changeling (Merfolk Shapeshifter)        Turns: 881, Time: 00:01:16

Health: -4/39      AC: 21    Str: 14    XL:     3   Next: 33%
Magic:  3/3        EV:  2    Int:  9    God:
Gold:   27         SH:  0    Dex: 15    Spells: 2/2 levels left

rFire   . .          .
                       - Unarmed
rCold   . . .        (no shield)
rNeg    . . .        a - melded +0 animal skin
rPois   +            (helmet currently unavailable)
rElec   .            (cloak currently unavailable)
rCorr   .            (gloves currently unavailable)
SInv    .            (boots currently unavailable)
Will    +....        (no amulet)
Stlth   +            f - ring of willpower
HPRegen 0.26/turn    (no ring)
MPRegen 0.08/turn

%: no passive effects
@: tree-form, invisible
A: stationary, stasis, torment immunity, boosted hp, (nimble swimmer 2),
(mertail)
a: no special abilities


You were on level 2 of the Dungeon.
You were a tree.
You visited 1 branch of the dungeon, and saw 2 of its levels.

You collected 27 gold pieces.


Innate Abilities, Weirdness & Mutations

You are a tree.
Your roots penetrate the ground, keeping you stationary.
You cannot be teleported.
You are immune to unholy pain and torment.
Your maximum health is greatly increased.
Your equipment is partially melded.
((You are very nimble when in or above water. (Stealth+, EV+, Speed+++)))
((Your lower body shifts to a powerful aquatic tail in water.))


   Skills:
 - Level 1.1 Fighting
 + Level 3.6 Dodging
 + Level 3.8 Unarmed Combat
 + Level 4.5 Shapeshifting


You had 2 spell levels left.
You didn't know any spells.
Your spell library contained the following spells:

 Spells                   Type           Power      Damage    Failure   Level
 Tukima's Dance           Hex            0%         N/A       77%         3
 Dimensional Bullseye     Hex/Tloc       0%         N/A       99%         4
 Iskenderun's Mystic Bla  Conj/Tloc      0%         2d3       99%         4

Inventory:

Armour
 a - a +0 animal skin (melded)
Jewellery
 f - a ring of willpower (left branch)
   (You found it on level 1 of the Dungeon)
Talismans
 c - a beast talisman
 d - a flux talisman
Scrolls
 e - a scroll of poison {unknown}
 i - a scroll of teleportation {unknown}
 j - a scroll of identify {unknown}
 k - a scroll of fog {unknown}
Potions
 b - a potion of lignification
 h - 2 potions of brilliance {unknown}

Dungeon Overview and Level Annotations

Branches:
Dungeon (2/15) Zot: 11122

Altars:

#....# #$.. .# #....#
#..##.#.# #....#
#.....#.#
##....###...#.#.#
#.<.....#.>.....#
##.#....#.......###.#
##.######......g....#
#.............gg##..##..
##########.##$gg♣gg.J...
#.##.##l#..#...
........# .# #.......##
# #.......# #.......#
#.......# ###.#.###


You could see an endoplasm, a hobgoblin (unable to see you), 6 goblins and a
frilled lizard (unable to see you).


Message History

You hit the goblin but do no damage. The goblin hits you but does no damage.
Robin throws the goblin at you!
A goblin comes into view. It is wielding a +1 dagger of venom.
The frilled lizard bites you but does no damage.
The goblin barely misses you. 😕 HP[-2]
You take 2 damage, and now have 17/21 hp.
You barely miss Robin. The goblin hits you with a +0 club. x2
* * * LOW HITPOINT WARNING * * *
A goblin comes into view. It is wielding a +0 club.
The frilled lizard misses you. 😨 HP[-11]
You take 11 damage, and now have 6/21 hp.
MASSIVE DAMAGE!! (PAUSE)
Your transformation has ended.
You turn into a tree.
Your +0 animal skin melds into your body.
Your roots penetrate the ground.
The frilled lizard bites you but does no damage.
The goblin hits you but does no damage.
A goblin comes into view. It is wielding a +0 club.
The goblin hits you but does no damage. 😨 HP[+3]
You now have 31 max hp (+10).
You regained 3 hp, and now have 9/31 hp.
Unknown command.
You smack Robin!
Robin hits you but does no damage. The goblin barely misses you.
The goblin hits you but does no damage.
The frilled lizard bites you but does no damage. 😨 HP[+1]
You smack Robin!
You kill Robin!
The goblin hits you but does no damage.
The frilled lizard bites you but does no damage.
An endoplasm comes into view.
The goblin hits you but does no damage.
A goblin comes into view. It is wielding a +0 club.
You have reached level 3!
Your experience leads to an increase in your attributes!
Increase (S)trength, (I)ntelligence, or (D)exterity?
You feel agile. x2 😨 HP[+2] MP[+1]
You now have 39 max hp (+8).
You regained 2 hp, and now have 12/39 hp.
Your mp is fully restored (3).
You closely miss the goblin.
The frilled lizard bites you but does no damage.
The goblin hits you but does no damage. x2; The goblin hits you with a +0 club.
* * * LOW HITPOINT WARNING * * *
😨 HP[-2]
You take 2 damage, and now have 10/39 hp.
You closely miss the goblin. The goblin hits you but does no damage.
The goblin barely misses you.
The frilled lizard bites you but does no damage.
The goblin hits you but does no damage.
You barely miss the goblin. The goblin hits you but does no damage.
The frilled lizard bites you but does no damage.
The goblin hits you but does no damage. The goblin barely misses you.
You are too injured to fight recklessly!
You smack the goblin!
You kill the goblin!
The frilled lizard completely misses you.
The goblin hits you but does no damage. x2
Unknown command.
You are too injured to fight recklessly!
You barely miss the goblin. 😨 HP[+1]
You smack the goblin!
You kill the goblin!
The frilled lizard bites you but does no damage.
The goblin hits you but does no damage.
An endoplasm comes into view.
The goblin hits you but does no damage.
You are too injured to fight recklessly!
You smack the endoplasm!
You kill the endoplasm!
The frilled lizard bites you but does no damage.
The goblin hits you but does no damage. x2
Unknown command.
You closely miss the goblin.
The frilled lizard bites you but does no damage.
The goblin hits you with a +0 club.
* * * LOW HITPOINT WARNING * * *
The goblin hits you but does no damage. The goblin hits you with a +0 club.
* * * LOW HITPOINT WARNING * * *
It was a potion of invisibility.
You fade into invisibility!
The goblin no longer looks unusually strong.
The frilled lizard bites you but does no damage.
The goblin hits you with a +0 club.
* * * LOW HITPOINT WARNING * * *
The goblin hits you but does no damage. x2 😱 HP[-10]
You take 10 damage, and now have 1/39 hp.
MASSIVE DAMAGE!! (PAUSE)
You closely miss the goblin.
The goblin no longer looks unusually strong. x2
The frilled lizard bites you but does no damage.
The goblin hits you with a +0 club.
You die...

Skill      XL: |  1 |
---------------+----+-----
Dodging        | 3 |  3.6
Fighting       | |  1.1
Unarmed Combat | |  3.8
Shapeshifting  | |  4.5

Action                     || total
---------------------------++-------
  Melee: Unarmed           ||    65
         Punch             ||     2
    Use: Potion            ||     2
   Stab: Sleeping          ||     2
 Armour: Animal skin       ||    26
         Skin              ||    37
  Dodge: Dodged            ||    59

Levels and vault maps discovered:
D:1:      ncdulo_halloftheorcs, layout_loops_ring
D:2:      layout_basic, basic_altar, uniq_robin, uniq_jessica

Notes
Turn   | Place    | Note
-------+----------+-------------------------------------------
     0 | D:1      | ytrimaz the Merfolk Shapeshifter began the quest for the
                  | Orb.
     0 | D:1      | Reached XP level 1. HP: 15/15 MP: 1/1
     0 | D:1      | magus.rc [v1.9.6]
    16 | D:1      | You pick up a book of Weapons and begin reading...
    16 | D:1      | You add the spells Tukima's Dance, Dimensional Bullseye and
                  | Iskenderun's Mystic Blast to your library.
   176 | D:1      | Reached skill level 3 in Dodging
   191 | D:1      | Reached XP level 2. HP: 19/21 MP: 2/2
   859 | D:2      | Noticed Robin
   871 | D:2      | Killed Robin
   872 | D:2      | Reached XP level 3. HP: 12/26 MP: 3/3
   879 | D:2      | HP: 6/39 [goblin/+0 club[Robin] (5)]
   879 | D:2      | HP: 1/39 [goblin/+0 club[Robin] (5)]
   881 | D:2      | Slain by a goblin

Vanquished Creatures
  Robin (D:2)
  An endoplasm (D:2)
  A giant cockroach (D:1)
  6 goblins
  A hobgoblin (D:2)
  3 jackals (D:1)
  2 quokkas (D:1)
  A ball python (D:1)
  3 bats (D:1)
  2 frilled lizards (D:1)
21 creatures vanquished.

Table legend:
 A = Non-vault XP
 B = Vault XP
 C = Vault XP percentage of total XP
 D = Non-vault monster count
 E = Vault monster count
 F = Vault count percentage of total count
                 A         B        C        D         E       F
            +---------+---------+-------+---------+---------+-------
      Total |      30 |      20 |  40.0 |      17 |       4 |  19.0
            +---------+---------+-------+---------+---------+-------
        D:1 |      28 |       0 |   0.0 |      16 |       0 |   0.0
        D:2 |       2 |      20 |  90.9 |       1 |       4 |  80.0
            +---------+---------+-------+---------+---------+-------

Skill      XL: |  1 |
---------------+----+-----
Dodging        | 3 |  3.6
Fighting       | |  1.1
Unarmed Combat | |  3.8
Shapeshifting  | |  4.5

Action                     || total
---------------------------++-------
  Melee: Unarmed           ||    65
         Punch             ||     2
    Use: Potion            ||     2
   Stab: Sleeping          ||     2
 Armour: Animal skin       ||    26
         Skin              ||    37
  Dodge: Dodged            ||    59

Illustrated notes

Table legend:
 A = Kills in this place as a percentage of kills in the entire game.
 B = Kills by you in this place as a percentage of kills by you in the entire game.
 C = Kills by friends in this place as a percentage of kills by friends in the entire game.
 D = Other kills in this place as a percentage of other kills in the entire game.
 E = Experience gained in this place as a percentage of experience gained in the entire game.
 F = Experience gained in this place divided by the number of levels of this place that you have seen.
                   A       B       C       D       E      F
               +-------+-------+-------+-------+-------+----------------------
         Total | 100.0 | 100.0 |   N/A |   N/A | 100.0 |  25.0
       Dungeon | 100.0 | 100.0 |   N/A |   N/A | 100.0 |  25.0
               +-------+-------+-------+-------+-------+----------------------

Table legend: (Time is in decaauts)
 A = Elapsed time spent in this place.
 B = Non-inter-level travel time spent in this place.
 C = Inter-level travel time spent in this place.
 D = Time resting spent in this place.
 E = Time spent auto-exploring this place.
 F = Levels seen in this place.
 G = Mean time per level.
                   A        B        C        D        E       F      G
               +--------+--------+--------+--------+--------+-----+--------+
         Total |    876 |    812 |     64 |      0 |    650 |   2 |  438.0 |
       Dungeon |    876 |    812 |     64 |      0 |    650 |   2 |  438.0 |
               +--------+--------+--------+--------+--------+-----+--------+

Top non-repeatable levels by time:
     D:1: 837 daAuts
     D:2: 39 daAuts
